| TOP OF THE 1ST |
|
Santa Domingo Colonials batting - Pitching for La Ceiba Manatees : RHP Jeff Reardon
|
|
Pitching: RHP Jeff Reardon
|
|
|
Batting: RHB Ryne Sandberg
|
0-0: Ball 1-0: Fly out, F4 (Popup, 4, EV 65.6 MPH)
|
|
Batting: RHB Ramon Estepa
|
0-0: Ball 1-0: Swinging Strike 1-1: Called Strike 1-2: Ball 2-2: SINGLE (Flyball, 89S, EV 91.9 MPH)
|
|
Batting: LHB Don Mattingly
|
0-0: Ball 1-0: Ball 2-0: Ball 3-0: Called Strike 3-1: Base on Balls Ramon Estepa to second
|
|
Batting: LHB Rich Gedman
|
0-0: Grounds into double play, 3-6-3 (Groundball, 34, EV 100.6 MPH)
|
| Top of the 1st over - 0 runs, 1 hit, 0 errors, 1 left on base; Santa Domingo 0 - La Ceiba 0 |
| BOTTOM OF THE 1ST |
|
La Ceiba Manatees batting - Pitching for Santa Domingo Colonials : RHP Gregorio Soto
|
|
Pitching: RHP Gregorio Soto
|
|
|
Batting: SHB Bruce Hines
|
0-0: Ball 1-0: Called Strike 1-1: Called Strike 1-2: Foul Ball, location: 2F 1-2: Strikes out looking
|
|
Batting: LHB Bob Skube
|
0-0: Ball 1-0: Foul Ball, location: 2F 1-1: Called Strike 1-2: Foul Ball, location: 2F 1-2: Ball 2-2: Ball 3-2: Foul Ball, location: 2F 3-2: Foul Ball, location: 2F 3-2: Foul Ball, location: 2F 3-2: DOUBLE (Line Drive, 7LM, EV 91.3 MPH)
|
|
Batting: RHB Juan Villa
|
0-0: Foul Ball, location: 2F 0-1: Ball 1-1: Foul Ball, location: 2F 1-2: Ball 2-2: Foul Ball, location: 2F 2-2: Ball 3-2: Foul Ball, location: 2F 3-2: Base on Balls
|
|
Batting: LHB Al Chambers
|
0-0: Ball 1-0: Foul Ball, location: 2F 1-1: Fielders Choice at 2nd, 5-4 (Groundball, 56, EV 83.1 MPH) Bob Skube to third
|
|
Batting: RHB Rich Murray
|
0-0: Foul Ball, location: 2F 0-1: Ball 1-1: Ball 2-1: Foul Ball, location: 2F 2-2: Fly out, F9 (Line Drive, 9, EV 111.3 MPH)
|
| Bottom of the 1st over - 0 runs, 1 hit, 0 errors, 2 left on base; Santa Domingo 0 - La Ceiba 0 |
| TOP OF THE 2ND |
|
Santa Domingo Colonials batting - Pitching for La Ceiba Manatees : RHP Jeff Reardon
|
|
Batting: LHB Mike Stenhouse
|
0-0: Called Strike 0-1: Ball 1-1: SINGLE (Line Drive, 7LS, EV 98.1 MPH)
|
|
Batting: RHB Vance Law
|
0-0: Ball 1-0: Foul Ball, location: 2F 1-1: Ball 2-1: SINGLE (Flyball, 8RS, EV 89.4 MPH) Mike Stenhouse to second
|
|
Batting: RHB Danny Tartabull
|
0-0: Ball 1-0: Called Strike 1-1: Ball 2-1: Called Strike 2-2: Ball 3-2: Foul Ball, location: 2F 3-2: SINGLE (Groundball, 56D, EV 94.4 MPH) Mike Stenhouse to third Vance Law to second Runner from 3rd tries for Home, SAFE, throw by LF to home
|
|
Batting: LHB Ivan Flores
|
0-0: Ball 1-0: Swinging Strike 1-1: Foul Ball, location: 2F 1-2: Ball 2-2: Ball 3-2: SINGLE (Groundball, 6MD, EV 111.3 MPH) Vance Law to third Danny Tartabull to second Runner from 3rd tries for Home, SAFE, no throw by CF
|
|
Batting: RHB Mike C Brown
|
0-0: SINGLE (Line Drive, 9S, EV 105.6 MPH) Danny Tartabull to third Ivan Flores to second Runner from 3rd tries for Home, SAFE, throw by RF to home
|
|
Batting: RHB Ryne Sandberg
|
0-0: Fly out, F9 (Line Drive, 9D, EV 88.1 MPH) Runner from 2nd tags up, SAFE at 3rd, no throw by RF
|
|
Batting: RHB Ramon Estepa
|
0-0: SINGLE (Groundball, 56D, EV 95.6 MPH) Ivan Flores scores Mike C Brown to second
|
|
Batting: LHB Don Mattingly
|
0-0: Ball Mike C Brown is caught stealing 3rd base 2-5 Ramon Estepa to second 1-0: Ground out 6-3 (Groundball, 6, EV 91.3 MPH)
|
| Top of the 2nd over - 4 runs, 6 hits, 0 errors, 1 left on base; Santa Domingo 4 - La Ceiba 0 |
| BOTTOM OF THE 2ND |
|
La Ceiba Manatees batting - Pitching for Santa Domingo Colonials : RHP Gregorio Soto
|
|
Batting: LHB William Gifford
|
0-0: Ball 1-0: SINGLE (Groundball, 34D, EV 102.5 MPH)
|
|
Batting: RHB John Seefried
|
0-0: Called Strike 0-1: Fly out, F9 (Flyball, 9S, EV 71.3 MPH)
|
|
Batting: RHB Alejandro Sanchez
|
0-0: Called Strike 0-1: Ball 1-1: Ball 2-1: Fly out, F8 (Flyball, 8LXD, EV 86.9 MPH)
|
|
Batting: LHB Dave Sanchez
|
0-0: Ball 1-0: Called Strike 1-1: Foul Ball, location: 2F 1-2: Ball 2-2: Ball 3-2: Base on Balls William Gifford to second
|
|
Batting: SHB Bruce Hines
|
0-0: Ball 1-0: Swinging Strike 1-1: Ball 2-1: Foul Ball, location: 2F 2-2: Foul Ball, location: 2F 2-2: Ball 3-2: Base on Balls William Gifford to third Dave Sanchez to second
|
|
Batting: LHB Bob Skube
|
0-0: Foul Ball, location: 2F 0-1: Foul Ball, location: 2F 0-2: Foul Ball, location: 2F 0-2: Ground out U3 (Groundball, 3, EV 84.4 MPH)
|
| Bottom of the 2nd over - 0 runs, 1 hit, 0 errors, 3 left on base; Santa Domingo 4 - La Ceiba 0 |
| TOP OF THE 3RD |
|
Santa Domingo Colonials batting - Pitching for La Ceiba Manatees : RHP Jeff Reardon
|
|
Batting: LHB Rich Gedman
|
0-0: Ball 1-0: Ball 2-0: Called Strike 2-1: Foul Ball, location: 2F 2-2: Foul Ball, location: 2F 2-2: Fly out, F8 (Flyball, 8LD, EV 88.8 MPH)
|
|
Batting: LHB Mike Stenhouse
|
0-0: DOUBLE (Flyball, 8LXD, EV 96.3 MPH)
|
|
Batting: RHB Vance Law
|
0-0: Ball 1-0: Ball 2-0: Called Strike Mike Stenhouse steals 3rd base 2-1: Foul Ball, location: 2F 2-2: Foul Ball, location: 2F 2-2: Foul Ball, location: 2F 2-2: Foul Ball, location: 2F 2-2: Fly out, F7 (Flyball, 7, EV 92.5 MPH) Runner from 3rd tags up, SCORES, throw by LF
|
|
Batting: RHB Danny Tartabull
|
0-0: Ball 1-0: Ball 2-0: Foul Ball, location: 2F 2-1: Foul Ball, location: 2F 2-2: Foul Ball, location: 2F 2-2: Foul Ball, location: 2F 2-2: Fly out, F7 (Flyball, 7LS, EV 85.6 MPH)
|
| Top of the 3rd over - 1 run, 1 hit, 0 errors, 0 left on base; Santa Domingo 5 - La Ceiba 0 |
| BOTTOM OF THE 3RD |
|
La Ceiba Manatees batting - Pitching for Santa Domingo Colonials : RHP Gregorio Soto
|
|
Batting: RHB Juan Villa
|
0-0: Swinging Strike 0-1: Swinging Strike 0-2: Strikes out swinging passed ball, reaches first!
|
|
Batting: LHB Al Chambers
|
0-0: Swinging Strike 0-1: Foul Ball, location: 2F 0-2: Ball 1-2: Ball 2-2: Strikes out swinging
|
|
Batting: RHB Rich Murray
|
0-0: Ball 1-0: Ball 2-0: Fly out, F9 (Flyball, 89S, EV 86.3 MPH)
|
|
Batting: LHB William Gifford
|
Pickoff Throw to First - Error! E1 Juan Villa to second 0-0: Foul Ball, location: 2F 0-1: Foul Ball, location: 2F 0-2: Foul Ball, location: 2F 0-2: Foul Ball, location: 2F 0-2: Ball 1-2: Fly out, F7 (Line Drive, 7D, EV 105.6 MPH)
|
| Bottom of the 3rd over - 0 runs, 0 hits, 1 error, 1 left on base; Santa Domingo 5 - La Ceiba 0 |
| TOP OF THE 4TH |
|
Santa Domingo Colonials batting - Pitching for La Ceiba Manatees : RHP Jeff Reardon
|
|
Batting: LHB Ivan Flores
|
0-0: Foul Ball, location: 2F 0-1: Ball 1-1: Ball 2-1: Called Strike 2-2: Fly out, F8 (Flyball, 8LS, EV 78.8 MPH)
|
|
Batting: RHB Mike C Brown
|
0-0: Called Strike 0-1: Called Strike 0-2: Ball 1-2: Strikes out swinging
|
|
Batting: RHB Ryne Sandberg
|
0-0: Foul Ball, location: 2F 0-1: SINGLE (Groundball, 6D, EV 106.3 MPH)
|
|
Pitching: LHP Elmer Cavner
|
|
|
Batting: RHB Ramon Estepa
|
0-0: Fly out, F9 (Flyball, 9LSF, EV 90.0 MPH)
|
| Top of the 4th over - 0 runs, 1 hit, 0 errors, 1 left on base; Santa Domingo 5 - La Ceiba 0 |
| BOTTOM OF THE 4TH |
|
La Ceiba Manatees batting - Pitching for Santa Domingo Colonials : RHP Gregorio Soto
|
|
Batting: RHB John Seefried
|
0-0: Called Strike 0-1: Ground out 5-3 (Groundball, 56S, EV 85.0 MPH)
|
|
Batting: RHB Alejandro Sanchez
|
0-0: Swinging Strike 0-1: Foul Ball, location: 2F 0-2: Ball 1-2: Strikes out swinging
|
|
Batting: LHB Dave Sanchez
|
0-0: Swinging Strike 0-1: Ball 1-1: Foul Ball, location: 2F 1-2: Strikes out swinging
|
| Bottom of the 4th over - 0 runs, 0 hits, 0 errors, 0 left on base; Santa Domingo 5 - La Ceiba 0 |
| TOP OF THE 5TH |
|
Santa Domingo Colonials batting - Pitching for La Ceiba Manatees : LHP Elmer Cavner
|
|
Batting: LHB Don Mattingly
|
0-0: Called Strike 0-1: Fly out, F8 (Line Drive, 8LM, EV 92.5 MPH)
|
|
Batting: LHB Rich Gedman
|
0-0: Ball 1-0: Foul Ball, location: 2F 1-1: Ball 2-1: Swinging Strike 2-2: Strikes out looking
|
|
Batting: LHB Mike Stenhouse
|
0-0: Ball 1-0: Called Strike 1-1: Ball 2-1: Swinging Strike 2-2: Foul Ball, location: 2F 2-2: Foul Ball, location: 2F 2-2: Foul Ball, location: 2F 2-2: Strikes out swinging
|
| Top of the 5th over - 0 runs, 0 hits, 0 errors, 0 left on base; Santa Domingo 5 - La Ceiba 0 |
| BOTTOM OF THE 5TH |
|
La Ceiba Manatees batting - Pitching for Santa Domingo Colonials : RHP Gregorio Soto
|
|
Batting: SHB Bruce Hines
|
0-0: Called Strike 0-1: Ball 1-1: Foul Ball, location: 2F 1-2: Ball 2-2: Foul Ball, location: 2F 2-2: Ball 3-2: Base on Balls
|
|
Pitching: RHP Danny Spofford
|
|
|
Batting: LHB Bob Skube
|
0-0: Called Strike Bruce Hines steals 2nd base 0-1: Ball 1-1: Foul Ball, location: 2F 1-2: SINGLE (Line Drive, 8LS, EV 92.5 MPH) Bruce Hines to third Runner from 3rd tries for Home, SAFE, throw by CF to home
|
|
Batting: RHB Juan Villa
|
0-0: Foul Ball, location: 2F 0-1: Foul Ball, location: 2F 0-2: Ball 1-2: Strikes out swinging
|
|
Batting: LHB Al Chambers
|
0-0: Ball 1-0: Swinging Strike 1-1: Swinging Strike 1-2: Strikes out looking
|
|
Batting: RHB Rich Murray
|
0-0: Called Strike 0-1: Swinging Strike 0-2: Strikes out swinging
|
| Bottom of the 5th over - 1 run, 1 hit, 0 errors, 1 left on base; Santa Domingo 5 - La Ceiba 1 |
| TOP OF THE 6TH |
|
Santa Domingo Colonials batting - Pitching for La Ceiba Manatees : LHP Elmer Cavner
|
|
Batting: RHB Vance Law
|
0-0: Ball 1-0: Called Strike 1-1: Ball 2-1: Ball 3-1: Foul Ball, location: 2F 3-2: Base on Balls
|
|
Batting: RHB Danny Tartabull
|
0-0: Ball 1-0: Ball 2-0: Called Strike 2-1: Ball 3-1: Swinging Strike 3-2: Fly out, F8 (Flyball, 8LS, EV 71.3 MPH)
|
|
Batting: LHB Ivan Flores
|
0-0: Ball Vance Law steals 2nd base 1-0: Ball 2-0: Called Strike 2-1: Ball 3-1: DOUBLE (Flyball, 8RXD, EV 98.1 MPH) Vance Law scores
|
|
Pitching: LHP Buddy Black
|
|
|
Batting: RHB Mike C Brown
|
0-0: Ball Wild Pitch! Ivan Flores to third 1-0: Ball 2-0: Ball 3-0: Base on Balls
|
|
Batting: RHB Ryne Sandberg
|
0-0: Ball 1-0: DOUBLE (Flyball, 89XD, EV 108.1 MPH) Ivan Flores scores Mike C Brown to third
|
|
Batting: RHB Ramon Estepa
|
0-0: Called Strike 0-1: Ball 1-1: Ball 2-1: Fly out, F7 (Flyball, 7D, EV 95.6 MPH) Runner from 3rd tags up, SCORES, no throw by LF
|
|
Batting: LHB Don Mattingly
|
0-0: Called Strike 0-1: Ball 1-1: Called Strike 1-2: SINGLE (Groundball, 6D, EV 99.4 MPH) Ryne Sandberg to third Runner from 3rd tries for Home, SAFE, no throw by LF
|
|
Batting: LHB Rich Gedman
|
0-0: Ball 1-0: Ball 2-0: Ball 3-0: Base on Balls Don Mattingly to second
|
|
Batting: LHB Mike Stenhouse
|
0-0: Called Strike 0-1: Foul Ball, location: 2F 0-2: Foul Ball, location: 2F 0-2: Fly out, F8 (Flyball, 8RD, EV 93.8 MPH)
|
| Top of the 6th over - 4 runs, 3 hits, 0 errors, 2 left on base; Santa Domingo 9 - La Ceiba 1 |
| BOTTOM OF THE 6TH |
|
La Ceiba Manatees batting - Pitching for Santa Domingo Colonials : RHP Danny Spofford
|
|
Batting: LHB William Gifford
|
0-0: Called Strike 0-1: Fly out, F2 (Popup, 3SF, EV 80.0 MPH)
|
|
Batting: RHB John Seefried
|
0-0: Called Strike 0-1: Swinging Strike 0-2: SINGLE (Groundball, 56D, EV 103.1 MPH)
|
|
Batting: RHB Alejandro Sanchez
|
0-0: Ball 1-0: Fly out, F8 (Flyball, 78M, EV 88.8 MPH)
|
|
Batting: LHB Dave Sanchez
|
0-0: Ball 1-0: Fly out, F6 (Flyball, 6D, EV 81.3 MPH)
|
| Bottom of the 6th over - 0 runs, 1 hit, 0 errors, 1 left on base; Santa Domingo 9 - La Ceiba 1 |
| TOP OF THE 7TH |
|
Santa Domingo Colonials batting - Pitching for La Ceiba Manatees : LHP Buddy Black
|
|
Batting: RHB Vance Law
|
0-0: Foul Ball, location: 2F 0-1: Foul Ball, location: 2F 0-2: Fly out, F8 (Flyball, 78D, EV 98.8 MPH)
|
|
Batting: RHB Danny Tartabull
|
0-0: Ball 1-0: Foul Ball, location: 2F 1-1: Ground out 6-3 (Groundball, 6S, EV 76.3 MPH)
|
|
Batting: LHB Ivan Flores
|
0-0: Foul Ball, location: 2F 0-1: Ground out 6-3 (Groundball, 6, EV 79.4 MPH)
|
| Top of the 7th over - 0 runs, 0 hits, 0 errors, 0 left on base; Santa Domingo 9 - La Ceiba 1 |
| BOTTOM OF THE 7TH |
|
La Ceiba Manatees batting - Pitching for Santa Domingo Colonials : RHP Danny Spofford
|
|
Now in LF: Daniel Stryffeler
|
|
|
Batting: SHB Bruce Hines
|
0-0: Swinging Strike 0-1: Ball 1-1: Foul Ball, location: 2F 1-2: Ball 2-2: Ball 3-2: Base on Balls
|
|
Pinch Hitting: RHB Gerald Miller
|
0-0: Called Strike 0-1: Ball 1-1: Ball 2-1: Foul Ball, location: 2F 2-2: Ball 3-2: Strikes out swinging
|
|
Batting: RHB Juan Villa
|
0-0: Called Strike 0-1: Ball 1-1: Ground out 6-3 (Groundball, 6S, EV 70.6 MPH) Bruce Hines to second
|
|
Batting: LHB Al Chambers
|
0-0: Ball 1-0: Called Strike 1-1: Ball 2-1: Foul Ball, location: 2F 2-2: Foul Ball, location: 2F 2-2: Fly out, F7 (Flyball, 78S, EV 92.5 MPH)
|
| Bottom of the 7th over - 0 runs, 0 hits, 0 errors, 1 left on base; Santa Domingo 9 - La Ceiba 1 |
| TOP OF THE 8TH |
|
Santa Domingo Colonials batting - Pitching for La Ceiba Manatees : LHP Buddy Black
|
|
Now in RF: Gerald Miller
|
|
|
Batting: RHB Mike C Brown
|
0-0: Ball 1-0: Called Strike 1-1: Ball 2-1: Foul Ball, location: 2F 2-2: Ball 3-2: Base on Balls
|
|
Batting: RHB Ryne Sandberg
|
0-0: Called Strike 0-1: Called Strike 0-2: Ball 1-2: SINGLE (Groundball, 6, EV 101.9 MPH) (infield hit) Mike C Brown to second
|
|
Batting: RHB Ramon Estepa
|
0-0: Called Strike 0-1: 3-RUN HOME RUN (Flyball, 7LD, EV 111.3 MPH), Distance : 335 ft
|
|
Pitching: LHP Daniel Argee
|
|
|
Batting: LHB Daniel Stryffeler
|
0-0: Called Strike 0-1: Ball 1-1: Swinging Strike 1-2: Strikes out swinging
|
|
Batting: LHB Rich Gedman
|
0-0: Called Strike 0-1: Foul Ball, location: 2F 0-2: Strikes out swinging
|
|
Batting: LHB Mike Stenhouse
|
0-0: Called Strike 0-1: Ball 1-1: Ball 2-1: Ball 3-1: Swinging Strike 3-2: Foul Ball, location: 2F 3-2: Foul Ball, location: 2F 3-2: SINGLE (Line Drive, 8RS, EV 97.5 MPH)
|
|
Batting: RHB Vance Law
|
0-0: Called Strike 0-1: Ball 1-1: Foul Ball, location: 2F 1-2: Foul Ball, location: 2F 1-2: Strikes out swinging
|
| Top of the 8th over - 3 runs, 3 hits, 0 errors, 1 left on base; Santa Domingo 12 - La Ceiba 1 |
| BOTTOM OF THE 8TH |
|
La Ceiba Manatees batting - Pitching for Santa Domingo Colonials : RHP Danny Spofford
|
|
Batting: RHB Rich Murray
|
0-0: Swinging Strike 0-1: DOUBLE (Flyball, 8RXD, EV 103.8 MPH)
|
|
Batting: LHB William Gifford
|
0-0: Fly out, F7 (Line Drive, 7, EV 89.4 MPH)
|
|
Batting: RHB John Seefried
|
0-0: Ball 1-0: Ground out 6-3 (Groundball, 56, EV 83.1 MPH)
|
|
Batting: RHB Alejandro Sanchez
|
0-0: Called Strike 0-1: Ball 1-1: Ball 2-1: Foul Ball, location: 2F 2-2: Strikes out swinging
|
| Bottom of the 8th over - 0 runs, 1 hit, 0 errors, 1 left on base; Santa Domingo 12 - La Ceiba 1 |
| TOP OF THE 9TH |
|
Santa Domingo Colonials batting - Pitching for La Ceiba Manatees : LHP Daniel Argee
|
|
Batting: RHB Danny Tartabull
|
0-0: Ball 1-0: Called Strike 1-1: Ball 2-1: Ball 3-1: Base on Balls
|
|
Batting: LHB Ivan Flores
|
0-0: Swinging Strike 0-1: Foul Ball, location: 2F 0-2: Strikes out swinging
|
|
Batting: RHB Mike C Brown
|
0-0: Ball Wild Pitch! Danny Tartabull to second 1-0: SINGLE (Line Drive, 8RS, EV 103.1 MPH) Danny Tartabull to third Runner from 3rd tries for Home, SAFE, no throw by CF
|
|
Batting: RHB Ryne Sandberg
|
0-0: Ball 1-0: Swinging Strike 1-1: Ball 2-1: Swinging Strike 2-2: Fly out, F9 (Flyball, 9, EV 90.6 MPH)
|
|
Batting: RHB Ramon Estepa
|
0-0: Ball 1-0: Ball Wild Pitch! Mike C Brown to second 2-0: Called Strike 2-1: Called Strike 2-2: TRIPLE (Flyball, 9LD, EV 92.5 MPH) Mike C Brown scores
|
|
Pitching: LHP James Jennings
|
|
|
Batting: LHB Daniel Stryffeler
|
0-0: Ball 1-0: Ball 2-0: Ball 3-0: Called Strike 3-1: Base on Balls
|
|
Batting: LHB Rich Gedman
|
0-0: Called Strike 0-1: Ball 1-1: Foul Ball, location: 2F 1-2: Ball 2-2: Foul Ball, location: 2F 2-2: Ball 3-2: SINGLE (Groundball, 56D, EV 105.6 MPH) Ramon Estepa scores Daniel Stryffeler to second Daniel Stryffeler to third
|
|
Batting: LHB Mike Stenhouse
|
0-0: Ball 1-0: Foul Ball, location: 2F 1-1: Ball 2-1: Foul Ball, location: 2F 2-2: Ball 3-2: Base on Balls Rich Gedman to second
|
|
Batting: RHB Vance Law
|
0-0: Ball 1-0: Called Strike 1-1: Called Strike 1-2: Fly out, F6 (Line Drive, 6, EV 65.0 MPH)
|
| Top of the 9th over - 3 runs, 3 hits, 0 errors, 3 left on base; Santa Domingo 15 - La Ceiba 1 |
| BOTTOM OF THE 9TH |
|
La Ceiba Manatees batting - Pitching for Santa Domingo Colonials : RHP Danny Spofford
|
|
Batting: LHB Dave Sanchez
|
0-0: Swinging Strike 0-1: Ball 1-1: Called Strike 1-2: Strikes out swinging
|
|
Batting: SHB Bruce Hines
|
0-0: Foul Ball, location: 2F 0-1: Ball 1-1: Ball 2-1: Swinging Strike 2-2: Ball 3-2: Base on Balls
|
|
Pitching: RHP Prescott Schwartz
|
|
|
Batting: RHB Gerald Miller
|
0-0: Ball 1-0: Called Strike 1-1: Swinging Strike 1-2: Strikes out swinging
|
|
Batting: RHB Juan Villa
|
0-0: Called Strike 0-1: Ball 1-1: Foul Ball, location: 2F 1-2: Ball 2-2: Ball 3-2: Strikes out swinging
|
| Bottom of the 9th over - 0 runs, 0 hits, 0 errors, 1 left on base; Santa Domingo 15 - La Ceiba 1 |
|